 Dungeon Crawl Stone Soup version 0.27-a0-760-gc38aae387d (webtiles) character file.

Game seed: 3963005965285687616

4884 leviel the Thaumaturge (level 10, -1/61 HPs)
             Began as a Djinni Air Elementalist on Mar 24, 2021.
             Was a Follower of Makhleb.
             Slain by a troll (12 damage)
             ... on level 9 of the Dungeon.
             The game lasted 00:27:51 (12187 turns).

leviel the Thaumaturge (Djinni Air Elementalist)   Turns: 12187, Time: 00:27:52

Health: -1/61      AC:  4    Str:  7    XL:     10   Next: 50%
Gold:   361        EV: 12    Int: 26    God:    Makhleb [*.....] SH:  0 Dex: 14

rFire    + + .     SeeInvis .   d - +9 staff of Wucad Mu {*channel}
rCold    x . .     Faith    .   (no shield)
rNeg     . . .     Spirit   .   m - +0 troll leather armour
rPois    ∞         Reflect  .   (no helmet)
rElec    .         Harm     .   (no cloak)
rCorr    +         Rampage  .   (no gloves)
Will     +....                  (boots unavailable)
Stlth    ++........             (no amulet)
HPRegen  1.20/turn              q - ring of resist corrosion
MPRegen  0.00/turn              u - +6 ring of intelligence

@: about to teleport, flying
A: fire resistance 2, cold vulnerability 1, float, innate caster, hp casting,
extra vitality 1
a: Renounce Religion


You were on level 9 of the Dungeon.
You worshipped Makhleb.
Makhleb was aware of your devotion.
You visited 2 branches of the dungeon, and saw 10 of its levels.

You collected 361 gold pieces.

Inventory:

Hand Weapons
 d - the +9 staff of Wucad Mu (weapon) {*channel}
   (You acquired it on level 5 of the Dungeon)
Armour
 a - a +1 robe
 m - a +0 troll leather armour (worn)
 s - +0 steam dragon scales
Jewellery
 q - a ring of resist corrosion (right hand)
 u - a +6 ring of intelligence (left hand)
 w - a ring of ice
Scrolls
 b - a scroll of silence
 f - 3 scrolls of identify
 h - 2 scrolls of fog
 i - a scroll of immolation
 j - 2 scrolls of amnesia
 n - 2 scrolls of teleportation
 r - a scroll of noise
Potions
 c - 2 potions of mutation
 e - 2 potions of cancellation
 g - 4 potions of haste
 k - 2 potions of lignification
 l - 2 potions of attraction
 o - 2 potions of heal wounds
 p - 2 potions of invisibility
 t - 2 potions of might
 v - a potion of magic


   Skills:
 + Level 0.4 Fighting
 + Level 2.7 Dodging
 + Level 3.4 Stealth
 * Level 12.3 Spellcasting


You had 8 spell levels left.
You knew the following spells:

 Your Spells              Type           Power      Damage    Failure   Level
a - Shock                 Conj/Air       100%       1d9       1%          1
b - Swiftness             Air            69%        N/A       1%          2
c - Static Discharge      Conj/Air       69%        N/A       1%          3
d - Airstrike             Air            34%        N/A       1%          4
e - Lightning Bolt        Conj/Air       34%        1d52      1%          5
f - Sting                 Tmut/Pois      100%       1d8       1%          1
g - Corpse Rot            Necr/Air       N/A        N/A       1%          2
h - Inner Flame           Hex/Fire       69%        N/A       1%          3
i - Iskenderun's Mystic   Conj/Tloc      69%        2d14      1%          4
Your spell library was empty.

Dungeon Overview and Level Annotations

Branches:
Dungeon (9/15)             Temple (1/1) D:7            Lair (0/6) D:9
    Orc: D:9-12

Altars:
Ashenzari
Cheibriados
Dithmenos
Elyvilon
Fedhas
Gozag
Hepliaklqana
Kikubaaqudgha
Makhleb
Nemelex Xobeh
Okawaru
Qazlal
Ru
Sif Muna
Trog
Uskayaw
Vehumet
Wu Jian
Xom
Yredelemnul
Zin
The Shining One
Jiyva

Shops:
D:5 (:

Annotations:
D:6 2 transporters, robertstho's ghost, novice GrMo


Innate Abilities, Weirdness & Mutations

You are immune to poison.
Your flesh is very heat resistant. (rF++)
You are vulnerable to cold. (rC-)
You float through the air rather than walking.
You learn spells naturally, not from books.
Your magical power is your life essence.
You have superior vitality. (+4 HP)


Message History

A centaur comes into view.
A centaur is nearby!
The air twists around and strikes the centaur!!
The centaur shouts!
The centaur is almost dead.
The centaur wields a +0 shortbow.
The centaur shoots an arrow.
The arrow hits you.
The air twists around and strikes the centaur!!
You kill the centaur!
Makhleb accepts your kill.
You feel better.
You now have 361 gold pieces (gained 13).
Things that are here:
a +0 shortbow; 14 arrows; a centaur corpse You reach down and open the large door.
A troll comes into view.
Found a scroll of noise and 11 gold pieces.
The air twists around and strikes the troll!
The troll shouts!
The troll is heavily wounded.
You hear a howl!
You hear a shout!
You hear a roar!
A troll comes into view.
An acid dragon comes into view.
The air twists around and strikes the troll!
The troll is almost dead.
A howler monkey comes into view.
The troll closely misses you. x2; The troll claws you!
You hear a shout!
As you read the scroll of fog, it crumbles to dust.
The scroll dissolves into smoke.
The howler monkey hoots and howls with incredible vigour!
The troll bites you! The troll claws you but does no damage.
The troll closely misses you.
An orc warrior comes into view. It is wielding a +0 trident.
As you read the scroll of teleportation, it crumbles to dust.
You feel strangely unstable.
The orc warrior hits you from afar with a +0 trident!
The troll bites you!
* * * LOW HITPOINT WARNING * * *
The troll completely misses you. The troll claws you!
You die...

#..................#
#...#
#>.......########..#
#...# ###........#
#..###...#
...........#
###.......
####.......# #++#$
#####..# #.#.......#
#.T..# #..#
#......§§##o.....
#..#
####.....§§§h§.....
#..#
.........§§@T§.....
#..#
.........§§##..D...
#..# ###>.....§§#
....# #..#
#........# ++#? #..#
#....)...# ### #..#
#........# #.# #..#
#........#
#.#####..#
#........#
#.........
##########
##########


You could see 2 trolls, an orc warrior, an acid dragon and a howler monkey.

Vanquished Creatures
  Harold (D:7)
  A troll (D:9)
  A hornet (D:9)
  A spriggan (D:7)
  A wyvern (D:9)
  3 steam dragons
  2 orc warriors
  A hornet zombie (D:7)
  2 ice beasts
  A black bear (D:4)
  A necrophage (D:7)
  4 wolves
  2 ogres
  2 phantoms
  2 centaurs
  A kobold brigand (D:6)
  A gnoll sergeant (D:6)
  A scorpion (D:6)
  6 killer bees (D:7)
  4 wights (D:8)
  3 electric eels (D:9)
  2 howler monkeys
  A centaur zombie (D:6)
  3 hounds
  A jelly (D:7)
  2 orc priests
  Jessica (D:2)
  2 worker ants
  5 orc wizards
  A hound zombie (D:5)
  Robin (D:2)
  20 gnolls
  A howler monkey skeleton (D:5)
  4 adders
  A shadow imp (D:7)
  A white imp (D:6)
  3 worms (D:3)
  A dart slug (D:1)
  23 orcs
  8 endoplasms
  3 giant cockroaches
  14 goblins
  6 hobgoblins
  9 jackals
  11 kobolds
  A quokka (D:5)
  A ball python (D:4)
  4 bats
  4 frilled lizards
  A goblin skeleton (D:6)
  A goblin zombie (D:6)
  A hobgoblin zombie (D:6)
  A kobold zombie (D:6)
  2 orc skeletons (D:6)
  6 rats
187 creatures vanquished.

Notes
Turn   | Place    | Note
-------+----------+-------------------------------------------
     0 | D:1      | leviel the Djinni Air Elementalist began the quest for the
                  | Orb.
     0 | D:1      | Reached XP level 1. HP: 15/15 MP: 0/0
   407 | D:1      | Reached skill level 3 in Spellcasting
   407 | D:1      | Reached XP level 2. HP: 15/21 MP: 0/0
   803 | D:1      | Reached XP level 3. HP: 22/25 MP: 0/0
   803 | D:1      | Learned a level 1 spell: Sting
  1727 | D:2      | Found a sparkling altar of Nemelex Xobeh.
  1731 | D:2      | Noticed Jessica
  1735 | D:2      | Killed Jessica
  1736 | D:2      | Reached skill level 4 in Spellcasting
  1736 | D:2      | Reached XP level 4. HP: 27/31 MP: 0/0
  1814 | D:2      | Noticed Robin
  1822 | D:2      | Killed Robin
  2419 | D:3      | Reached XP level 5. HP: 33/35 MP: 0/0
  2419 | D:3      | Learned a level 2 spell: Corpse Rot
  2619 | D:3      | Found an opulent altar of Gozag.
  3194 | D:4      | Noticed a phantom
  3245 | D:4      | Killed a phantom
  3246 | D:4      | Reached skill level 5 in Spellcasting
  3577 | D:4      | Noticed a black bear
  3581 | D:4      | Killed a black bear
  3582 | D:4      | Reached XP level 6. HP: 33/40 MP: 0/0
  4142 | D:5      | Entered Level 5 of the Dungeon
  4592 | D:5      | Reached skill level 6 in Spellcasting
  4698 | D:5      | Reached XP level 7. HP: 1/45 MP: 0/0
  4698 | D:5      | Learned a level 3 spell: Inner Flame
  5041 | D:5      | Found Ompuc's Book Shop.
  5217 | D:5      | Found a stormy altar of Qazlal.
  5306 | D:5      | Identified a scroll of acquirement
  5306 | D:5      | Acquired the +9 staff of Wucad Mu {*channel}
  5307 | D:5      | Found the +9 staff of Wucad Mu {*channel}
  5336 | D:5      | Found Takaod's Antique Weapon Shoppe.
  5764 | D:6      | Noticed a wraith
  5823 | D:6      | Reached skill level 7 in Spellcasting
  5907 | D:6      | Found a transporter.
  5950 | D:6      | Found a glowing golden altar of the Shining One.
  5960 | D:6      | Noticed a vampire
  5963 | D:6      | Found a transporter.
  5964 | D:6      | Noticed robertstho's ghost (novice GrMo)
  6197 | D:6      | Found a shimmering altar of Xom.
  6244 | D:6      | Reached XP level 8. HP: 42/50 MP: 0/0
  7187 | D:6      | Reached skill level 8 in Spellcasting
  7805 | D:7      | Noticed a spriggan baker
  7808 | D:7      | Killed a spriggan baker
  7936 | D:7      | Identified the +11 battleaxe of Intimidation {distort,
                  | *Rage rN+ Str+3}
  8038 | D:7      | Reached skill level 9 in Spellcasting
  8224 | D:7      | Reached XP level 9. HP: 42/55 MP: 0/0
  8224 | D:7      | Learned a level 4 spell: Iskenderun's Mystic Blast
  8620 | D:7      | Noticed Harold
  8629 | D:7      | Found a staircase to the Ecumenical Temple.
  8633 | D:7      | Killed Harold
  8634 | D:7      | Reached skill level 10 in Spellcasting
  8725 | Temple   | Entered the Ecumenical Temple
  8947 | Temple   | Became a worshipper of Makhleb the Destroyer
  9122 | D:7      | Found a snail-covered altar of Cheibriados.
  9166 | D:7      | Found an iron altar of Okawaru.
  9196 | D:7      | Found a broken altar of Ashenzari.
  9569 | D:8      | Found a shadowy altar of Dithmenos.
  9637 | D:8      | Reached skill level 11 in Spellcasting
  9798 | D:8      | Reached XP level 10. HP: 26/60 MP: 0/0
 10965 | D:9      | Reached * piety under Makhleb
 11373 | D:9      | Found a staircase to the Lair.
 11381 | D:9      | Reached skill level 12 in Spellcasting
 11978 | D:9      | Found a sacrificial altar of Ru.
 12187 | D:9      | Slain by a troll

Illustrated notes

Levels and vault maps discovered:
D:1:      eino_arrival_cavern_b, layout_basic, minmay_misc_feat_pillars
D:2:      layout_rooms, lemuel_doored_altar, uniq_robin, uniq_jessica
D:3:      layout_basic, grunt_gozag_statues
D:4:      layout_basic, minmay_misc_feat_rows, st_stairs_4
D:5:      layout_basic, lemuel_crystal_altar, serial_shops, shop,
          nicolae_shop_statue_plus
D:6:      layout_loops_ring, nicolae_tso_besieged_by_evil,
          nicolae_overflow_hidden_temple, gammafunk_ghost_mausoleum,
          kennysheep_donut
D:7:      layout_loops_ring, kennysheep_mini_moat, kennysheep_mini,
          general_overflow_altar, minmay_temple_entry_large_hall, the_bakery,
          uniq_harold
D:8:      layout_basic, grunt_dithmenos_smoke
D:9:      layout_long_grid, nicolae_kikubaaqudgha_miasma_corner,
          lemuel_round_altar, erik_lair_island, minmay_misc_feat_tiny,
          lightli_fourway_metalbox
Temple:   pf_slimified_temple

Skill      XL: |  1  2  3  4  5  6  7  8  9 10 |
---------------+-------------------------------+-----
Spellcasting   | 3 4 5 6 7 9 11 12 | 12.3
Stealth        | 2 3 |  3.4
Fighting       | |  0.4
Dodging        | |  2.7

Action                   |  1- 3 |  4- 6 |  7- 9 | 10-12 || total
-------------------------+-------+-------+-------+-------++-------
 Cast: Shock             |    66 |   114 |    67 |       ||   247
       Static Discharge  |       |    10 |       |       ||    10
       Airstrike         |       |     3 |    86 |    55 ||   144
       Swiftness         |       |     1 |       |       ||     1
       Inner Flame       |       |       |     2 |       ||     2
       Lightning Bolt    |       |       |     4 |       ||     4
       Iskenderun's Myst |       |       |     3 |       ||     3
       Corpse Rot        |       |       |     1 |     1 ||     2
  Use: Scroll            |       |       |    20 |     6 ||    26
       Potion            |       |       |     4 |       ||     4
Armor: Troll leather arm |       |       |       |     4 ||     4
       Steam dragon scal |       |       |       |     4 ||     4
Dodge: Dodged            |     1 |    11 |    12 |    14 ||    38

Table legend: (Time is in decaauts)
 A = Elapsed time spent in this place.
 B = Non-inter-level travel time spent in this place.
 C = Inter-level travel time spent in this place.
 D = Time resting spent in this place.
 E = Time spent auto-exploring this place.
 F = Levels seen in this place.
 G = Mean time per level.
                   A        B        C        D        E       F      G
               +--------+--------+--------+--------+--------+-----+--------+
         Total |  12190 |  11912 |    278 |   4087 |   6720 |  10 | 1219.0 |
       Dungeon |  11952 |  11674 |    278 |   3997 |   6636 |   9 | 1328.0 |
        Temple |    237 |    237 |      0 |     90 |     84 |   1 |  237.0 |
               +--------+--------+--------+--------+--------+-----+--------+

Top non-repeatable levels by time:
     D:6: 1929 daAuts
     D:8: 1693 daAuts
     D:4: 1586 daAuts
     D:7: 1567 daAuts
     D:1: 1334 daAuts
     D:5: 1109 daAuts
     D:9: 1008 daAuts
     D:3: 908 daAuts
     D:2: 814 daAuts
  Temple: 237 daAuts
